 Dungeon Crawl Stone Soup version 0.31-a0-236-g9a0961fb85 (webtiles) character file.

Game seed: 11022529786796770150

147 qw the Shooter (level 5, 0/30 HPs)
             Began as a Gargoyle Hexslinger on July 10, 2023.
             Slain by a scorpion (6 damage)
             ... on level 4 of the Dungeon.
             The game lasted 00:01:01 (2276 turns).

qw the Shooter (Gargoyle Hexslinger)                Turns: 2276, Time: 00:01:02

Health: 0/30       AC:  9    Str: 11    XL:     5   Next: 29%
Magic:  6/6        EV: 15    Int: 14    God:
Gold:   110        SH:  0    Dex: 14    Spells: 5/6 levels left

rFire   . . .        Y - +1 sling
rCold   . . .        (no shield)
rNeg    + . .        b - +0 ring mail
rPois   inf          (no helmet)
rElec   +            (no cloak)
rCorr   .            (no gloves)
SInv    +            (no boots)
Will    .....        (no amulet)
Stlth   +            h - ring of see invisible
HPRegen 0.25/turn    i - +5 ring of evasion
MPRegen 0.10/turn

%: no passive effects
@: no status effects
A: sickness immunity, AC +4, negative energy resistance 1, electricity
resistance, torment resistance 1, petrification resistance
a: no special abilities


You were on level 4 of the Dungeon.
You visited 1 branch of the dungeon, and saw 4 of its levels.

You collected 165 gold pieces.
You spent 55 gold pieces at shops.


Innate Abilities, Weirdness & Mutations

You are immune to sickness and miasma.
Your stone body is resilient. (AC +4)
You are immune to poison.
You resist negative energy. (rN+)
You are resistant to electric shocks. (rElec)
You are resistant to unholy torment.
You are immune to petrification.


   Skills:
 - Level 2.0 Fighting
 + Level 4.7 Ranged Weapons
 - Level 1.6 Armour
 - Level 1.5 Dodging
 - Level 1.0 Spellcasting
 - Level 2.6 Hexes


You had 5 spell levels left.
You knew the following spells:

 Your Spells              Type           Power      Damage    Failure   Level
a - Slow                  Hex            32%        N/A       21%         1

Your spell library contained the following spells:

 Spells                   Type           Power      Damage    Failure   Level
 Inner Flame              Hex/Fire       4%         N/A       71%         3
 Portal Projectile        Hex/Tloc       8%         N/A       71%         3
 Cause Fear               Hex            4%         N/A       90%         4

Inventory:

Hand Weapons
 Y - a +1 sling (weapon)
Armour
 b - a +0 ring mail (worn)
Jewellery
 c - an amulet of reflection
 h - a ring of see invisible (left hand)
 i - a +5 ring of evasion (right hand)
Scrolls
 f - a scroll of identify
Potions
 d - 2 potions of curing
 e - a potion of mutation
 g - a potion of attraction {unknown}
 j - a potion of heal wounds {unknown}
 k - a potion of enlightenment
 l - a potion of berserk rage {unknown}

Dungeon Overview and Level Annotations

Branches:
Dungeon (4/15)
 Temple: D:4-7

Altars:
Okawaru
Zin

Shops:
D:3 *


Message History

Enter note:
Enter note: You shoot a sling bullet.
The sling bullet barely misses the adder.
The adder closely misses you. The adder bites you but does no damage.
You shoot a sling bullet. The sling bullet misses the adder.
The adder misses you. The adder closely misses you.
You shoot a sling bullet. The sling bullet hits the scorpion.
The scorpion is moderately wounded.
The adder barely misses you. The scorpion completely misses you.
You shoot a sling bullet.
The sling bullet closely misses the scorpion.
The adder closely misses you. The scorpion barely misses you.
The adder misses you.
The scorpion stings you but does no damage.
You shoot a sling bullet. The sling bullet hits the scorpion.
The scorpion is heavily wounded.
The adder closely misses you. The scorpion stings you.
The adder barely misses you.
You shoot a sling bullet. The sling bullet hits the scorpion.
The scorpion is heavily wounded.
The scorpion misses you. The adder misses you. The scorpion closely misses you.
You shoot a sling bullet.
The sling bullet hits the scorpion but does no damage.
The scorpion is heavily wounded.
The adder barely misses you. The scorpion closely misses you.
The adder closely misses you.
You shoot a sling bullet. The sling bullet hits the scorpion.
The scorpion is heavily wounded.
The scorpion closely misses you. The adder bites you but does no damage.
The scorpion barely misses you.
You shoot a sling bullet.
The sling bullet hits the scorpion but does no damage.
The scorpion is heavily wounded.
The adder barely misses you. The scorpion misses you.
The adder bites you but does no damage.
You shoot a sling bullet.
The sling bullet barely misses the scorpion.
The adder closely misses you. The scorpion stings you.
You die...

.##.
#..............
# #.......(.
#.#....... #
.#.. . .###.
...##.# .....##
......#
.......#......#
........l......
#...@s.#
#...S.##
##.....#
##......
........
.#..$......
.#......... #
#........#


You could see a scorpion, an iguana and an adder.

Vanquished Creatures
  A howler monkey (D:3)
  An iguana (D:4)
  3 adders
  2 dart slugs
  An orc (D:3)
  2 ball pythons
  3 giant cockroaches
  8 goblins
  6 hobgoblins
  3 jackals (D:3)
  3 quokkas
  4 bats
  2 frilled lizards
  9 kobolds
  4 rats
  A spectral kobold (D:1)
53 creatures vanquished.

Notes
Turn   | Place    | Note
-------+----------+-------------------------------------------
     0 | D:1      | qw the Gargoyle Hexslinger began the quest for the Orb.
     0 | D:1      | Reached XP level 1. HP: 12/12 MP: 2/2
     0 | D:1      | 0 ||| qw: Version: 0.3-a-52-g30416fa
     0 | D:1      | 0 ||| qw: Game counter: 4850
     0 | D:1      | 0 ||| qw: Melee chars always use a shield: true
     0 | D:1      | 0 ||| qw: God list: Okawaru
     0 | D:1      | 0 ||| qw: Allow faded altars: false
     0 | D:1      | 0 ||| qw: Do Orc after clearing Dungeon:15 true
     0 | D:1      | 0 ||| qw: Do second Lair branch before Depths: true
     0 | D:1      | 0 ||| qw: Lair rune preference: random
     0 | D:1      | 0 ||| qw: Goals: Normal
     0 | D:1      | 0 ||| PLANNING D:1-11
   226 | D:1      | Reached XP level 2. HP: 16/16 MP: 3/3
   370 | D:1      | Found a faded altar of an unknown god.
   468 | D:1      | Reached skill level 3 in Ranged Weapons
   718 | D:1      | Found an iron altar of Okawaru.
   719 | D:1      | 719 ||| UPGRADING to ring of see invisible.
   720 | D:1      | 720 ||| UPGRADING to +5 ring of evasion.
   721 | D:1      | 721 ||| READING 3 scrolls labelled SESEGOILUNK.
   828 | D:1      | 828 ||| READING scroll labelled WIRIZY FASARUSO.
   832 | D:1      | 832 ||| READING scroll labelled REPPEI YDOB.
   835 | D:1      | 835 ||| READING scroll labelled JUIKOWK BUNU.
   836 | D:1      | 836 ||| DROPPING 2 scrolls of silence.
   837 | D:1      | 837 ||| DROPPING scroll of poison.
   983 | D:2      | Reached XP level 3. HP: 9/21 MP: 4/4
  1145 | D:2      | Found a glowing silver altar of Zin.
  1309 | D:2      | 1309 ||| READING 2 scrolls labelled ZAECLO OCIL.
  1314 | D:2      | 1314 ||| DRINKING 2 orange potions.
  1315 | D:2      | 1315 ||| PLANNING OKAWARU WORSHIP
  1327 | D:1      | 1327 ||| PLANNING D:1-11
  1500 | D:3      | Found Xecaw's General Store.
  1512 | D:3      | 1512 ||| SHOPLISTING +4 ring of protection (396 gold, have
                  | 127).
  1512 | D:3      | 1512 ||| BUYING potion of curing (33 gold).
  1512 | D:3      | Bought a potion of curing for 33 gold pieces
  1512 | D:3      | 1512 ||| BUYING scroll of identify (22 gold).
  1512 | D:3      | Bought a scroll of identify for 22 gold pieces
  1545 | D:3      | Reached XP level 4. HP: 26/26 MP: 5/5
  1583 | D:3      | Reached skill level 4 in Ranged Weapons
  1689 | D:3      | 1689 ||| FLEEEEING.
  1690 | D:3      | 1690 ||| FLEEEEING.
  1691 | D:3      | 1691 ||| STAIRDANCE
  1704 | D:2      | 1704 ||| READING scroll labelled ZOXERIQI EMN.
  1725 | D:2      | 1725 ||| READING 2 scrolls of identify.
  1725 | D:2      | 1725 ||| IDENTIFYING brown potion
  2006 | D:3      | Reached XP level 5. HP: 30/30 MP: 6/6
  2105 | D:3      | 2105 ||| UPGRADING to +0 ring mail.
  2115 | D:3      | 2115 ||| DROPPING +0 robe.
  2262 | D:4      | HP: 3/30 [iguana (11)]
  2263 | D:4      | 2263 ||| READING scroll of teleportation.
  2265 | D:4      | Reached skill level 1 in Armour
  2271 | D:4      | HP: 5/30 [scorpion (1)]
  2276 | D:4      | Slain by a scorpion

Levels and vault maps discovered:
D:1:      dpeg_arrival_lava_altar, layout_rooms,
          dreamdust_ecumenical_altar_drowned_temple,
          chequers_serial_rivers_small_a, minmay_misc_feat_ornament,
          nicolae_eternal_life, kennysheep_another_room
D:2:      layout_rooms, basic_altar
D:3:      layout_basic, serial_shops, shop
D:4:      minmay_angry_zag, layout_cave_pools, grunt_decor_fettered,
          nicolae_half_adder

Skill      XL: |  1  2  3  4  5 |
---------------+----------------+-----
Ranged Weapons | 3 4 |  4.7
Fighting       | 2 |  2.0
Armour         | 1 |  1.6
Dodging        | |  1.5
Spellcasting   | |  1.0
Hexes          | |  2.6

Action                     |  1- 3 |  4- 6 || total
---------------------------+-------+-------++-------
   Fire: Sling             |   107 |   106 ||   213
    Use: Scroll            |     5 |     3 ||     8
         Potion            |     1 |       ||     1
 Armour: Robe              |     9 |    10 ||    19
         Ring mail         |       |    15 ||    15
  Dodge: Dodged            |    34 |    81 ||   115

Table legend:
 A = Non-vault XP
 B = Vault XP
 C = Vault XP percentage of total XP
 D = Non-vault monster count
 E = Vault monster count
 F = Vault count percentage of total count
                 A         B        C        D         E       F
            +---------+---------+-------+---------+---------+-------
      Total |     210 |       1 |   0.5 |      52 |       1 |   1.9
            +---------+---------+-------+---------+---------+-------
        D:1 |      27 |       1 |   3.6 |      15 |       1 |   6.2
        D:2 |      33 |       0 |   0.0 |      12 |       0 |   0.0
        D:3 |     105 |       0 |   0.0 |      18 |       0 |   0.0
        D:4 |      45 |       0 |   0.0 |       7 |       0 |   0.0
            +---------+---------+-------+---------+---------+-------
